 Dungeon Crawl Stone Soup version 0.27.1-4-g1640c2035a (webtiles) character file.

Game seed: 254555801283381823

25 Stomo444 the Skirmisher (level 2, 0/40 HPs)
             Began as a Draconian Monk on Nov 9, 2021.
             Slain by an adder (1 damage)
             ... on level 2 of the Dungeon.
             The game lasted 00:01:01 (781 turns).

Stomo444 the Skirmisher (Draconian Monk)             Turns: 781, Time: 00:01:02

Health: 0/40       AC:  5    Str: 13    XL:     2   Next: 82%
Magic:  2/2        EV: 12    Int: 10    God:
Gold:   27         SH:  0    Dex: 13    Spells: 1/1 levels left

rFire    . . .     SeeInvis .   a - +0 mace
rCold    . . .     Faith    .   (no shield)
rNeg     . . .     Spirit   .   (armour unavailable)
rPois    .         Reflect  .   (helmet restricted)
rElec    .         Harm     .   (no cloak)
rCorr    .         Rampage  .   c - +0 pair of gloves
Will     .....                  (no boots)
Stlth    ..........             (no amulet)
HPRegen  0.13/turn              (no ring)
MPRegen  0.08/turn              (no ring)

@: berserking, very quick
A: AC +4, unfitting armour, cold-blooded
a: no special abilities


You were on level 2 of the Dungeon.
You visited 1 branch of the dungeon, and saw 2 of its levels.

You collected 27 gold pieces.

Inventory:

Hand Weapons
 a - a +0 mace (weapon)
Armour
 c - a +0 pair of gloves (worn)
Scrolls
 b - a scroll of identify {unknown}
 h - a scroll of teleportation {unknown}
 i - a scroll of brand weapon {unknown}
Potions
 e - a potion of brilliance {unknown}
 f - a potion of might {unknown}
 g - a potion of resistance {unknown}


   Skills:
 * Level 3.8 Fighting
 * Level 3.4 Maces & Flails
 + Level 2.9 Dodging
 - Level 1.7 Stealth


You had one spell level left.
You didn't know any spells.
Your spell library was empty.

Dungeon Overview and Level Annotations

Branches:
Dungeon (2/15)

Altars:


Innate Abilities, Weirdness & Mutations

Your plain brown scales are hard. (AC +4)
You cannot fit into any form of body armour.
You are cold-blooded and may be slowed by cold attacks.


Message History

You are more poisoned.
The adder poisons you! The adder bites you.
You are too injured to fight recklessly!
You are too injured to fight recklessly!
You are too injured to fight recklessly!
You are too injured to fight recklessly!
You are too injured to fight recklessly!
You are too injured to fight recklessly!
You are too injured to fight recklessly!
You are too injured to fight recklessly!
You are too injured to fight recklessly!
An adder is nearby!
Unknown command.
You closely miss the adder.
The adder is almost dead.
You feel sick. The adder bites you. The adder barely misses you.
You closely miss the adder.
The adder is almost dead.
You feel sick. The adder bites you.
* * * LOW HITPOINT WARNING * * *
Unknown command.
You miss the adder.
The adder is almost dead.
* * * LOW HITPOINT WARNING * * *
You feel sick. The adder misses you. The adder bites you.
* * * LOW HITPOINT WARNING * * *
* * * LOW HITPOINT WARNING * * *
You feel sick.
It was a potion of berserk rage.
A red film seems to cover your vision as you go berserk!
You feel yourself moving faster!
You feel mighty!
* * * LOW HITPOINT WARNING * * *
You feel sick. The adder closely misses you.
You miss the adder.
The adder is almost dead.
* * * LOW HITPOINT WARNING * * *
You feel sick.
You are no longer poisoned.
The adder bites you.
You die...

..'..........#
###..........#
#########'## #.#
######
###########.####.[..#
..............)+....+
#######.########....#
.######)########.S..#
...............'@...+
...........#####....#
...........# ######
...........#
...........#
#..........#
#..........#
#######+####


You could see an adder.

Vanquished Creatures
  A dart slug (D:1)
  An endoplasm (D:1)
  3 giant cockroaches (D:1)
  3 goblins (D:1)
  A hobgoblin (D:1)
  4 kobolds
  A quokka (D:1)
  2 frilled lizards (D:1)
  4 rats (D:1)
20 creatures vanquished.

Notes
Turn   | Place    | Note
-------+----------+-------------------------------------------
     0 | D:1      | Stomo444 the Draconian Monk began the quest for the Orb.
     0 | D:1      | Reached XP level 1. HP: 19/19 MP: 1/1
   148 | D:1      | Reached XP level 2. HP: 24/26 MP: 2/2
   780 | D:2      | HP: 2/40 [poisoned by an adder]
   781 | D:2      | Slain by an adder

Illustrated notes

Levels and vault maps discovered:
D:1:      dpeg_arrival_court, layout_rooms, nrook_campfire
D:2:      minmay_razor_zed, layout_basic

Action                   || total
-------------------------++-------
Melee: Mace              ||    69
       Tailslap          ||     3
  Use: Potion            ||     1
 Stab: Distracted        ||     1
       Sleeping          ||     2
Armor: Skin              ||    31
Dodge: Dodged            ||    42
